 Dungeon Sprint DCSS version 0.27-a0-1332-g84bddb5ca7 (webtiles) character file.

Game seed: 1172093971499347925

114015 mhtbhm the Archmage (level 15, -6/86 HPs)
             Began as a Deep Elf Earth Elementalist on June 25, 2021.
             Was the Champion of Vehumet.
             Succumbed to poison (poison gas)
             ... in the Dungeon (Sprint IX: "|||||||||||||||||||||||||||||").
             The game lasted 00:19:36 (8056 turns).

mhtbhm the Archmage (Deep Elf Earth Elementalist)   Turns: 8056, Time: 00:19:36

Health: -6/86      AC: 16    Str:  5    XL:     15   Next: 82%
Magic:  11/48      EV: 22    Int: 37    God:    Vehumet [******]
Gold:   797        SH:  6    Dex: 15    Spells: 19/68 levels left

rFire    . . .     SeeInvis +   a - +2 scimitar of Doub {freeze, *Rage Drain rC+ Int+7}
rCold    + + .     Faith    .   H - +1 buckler {AC+3}
rNeg     . . .     Spirit   .   b - +2 robe {rC+}
rPois    .         Reflect  .   z - +1 hat {Int+3}
rElec    .         Harm     .   F - +0 cloak of Polish {SInv}
rCorr    .         Rampage  .   G - +1 pair of gloves
Will     +....     Rnd*Rage +   v - +0 pair of boots Stlth +++++.....NoTele +
                                (no amulet)
HPRegen  0.24/turn              I - +4 ring of protection
MPRegen  0.31/turn              u - +4 ring of evasion

@: mighty, lethally poisoned (-6 -> -36)
A: no striking features
}: 1/17 runes: serpentine
a: Renounce Religion


You were in the Dungeon.
You worshipped Vehumet.
Vehumet was exalted by your worship.
You visited 1 branch You collected 1918 gold pieces.
You spent 1121 gold pieces at shops.

Inventory:

Hand Weapons
 a - the +2 scimitar of Doub (weapon) {freeze, *Rage Drain rC+ Int+7}
   (You found it in the Dungeon)

   It has been specially enchanted to freeze those struck by it, causing extra
   injury to most foes and up to half again as much damage against particularly
   susceptible opponents.
   It can also slow down cold-blooded creatures.
   It affects your intelligence (+7).
   It protects you from cold.
   It may make you go berserk in combat.
   It drains your maximum health when unequipped.
 y - the +9 demon whip of the Dead {vamp, rPois Will+ rCorr}
   (You bought it in a shop in the Dungeon)

   It inflicts no extra harm, but heals its wielder when it wounds a living foe.
   It protects you from poison.
   It protects you from acid and corrosion.
   It increases your willpower.
Missiles
 i - 8 stones
 w - 4 curare-tipped darts
Armour
 b - a +2 robe of cold resistance (worn)
 v - a +0 pair of boots (worn)
 z - a +1 hat of intelligence (worn)
 F - the +0 cloak of Polish (worn) {SInv}
   (You found it in the Dungeon)

   It lets you see invisible.
 G - a +1 pair of gloves (worn)
 H - a +1 buckler of protection (worn)
 K - +0 gold dragon scales
Jewellery
 l - a +2 ring of slaying
 u - a +4 ring of evasion (right hand)
 B - a ring of protection from fire
 I - a +4 ring of protection (left hand)
Wands
 p - a wand of iceblast (9)
Scrolls
 h - 3 scrolls of blinking
 k - 2 scrolls of amnesia
 q - 4 scrolls of identify
 r - 4 scrolls of enchant weapon
 s - 11 scrolls of enchant armour
 t - 5 scrolls of fear
 A - a scroll of silence {unknown}
 M - a scroll of fog
Potions
 c - 3 potions of curing
 d - 10 potions of heal wounds
 e - 4 potions of resistance
 f - 2 potions of magic
 g - 2 potions of berserk rage
 j - a potion of invisibility
 m - a potion of mutation
 o - 2 potions of lignification {unknown}
 x - 2 potions of might
 L - a potion of brilliance


   Skills:
 + Level 7.5 Fighting
 + Level 10.2 Long Blades
 + Level 11.3 Dodging
 + Level 12.2 Stealth
 - Level 4.0 Shields
 O Level 27 Spellcasting
 + Level 11.3 Conjurations
 + Level 22.1 Transmutations
 + Level 5.7 Fire Magic
 + Level 1.4 Ice Magic
 O Level 27 Earth Magic
 + Level 8.5 Evocations


You had 19 spell levels left.
You knew the following spells:

 Your Spells              Type           Power      Damage    Failure   Level
a - Sandblast             Erth           100%       2d20      0%          1
b - Passwall              Tmut/Erth      100%       N/A       0%          2
c - Stone Arrow           Conj/Erth      100%       3d13      0%          3
d - Lee's Rapid Deconstr  Erth           64%        3d30*     0%          5
e - Petrify               Tmut/Erth      100%       N/A       0%          4
f - Sticky Flame          Conj/Fire      85%        2d10      1%          4
g - Frozen Ramparts       Ice            100%       1d12      1%          3
h - Bolt of Magma         Conj/Fire/Erth 51%        4d21      1%          5
i - Fireball              Conj/Fire      42%        3d17      1%          5
j - Shatter               Erth           64%        3d48*     1%          9
k - Lehudib's Crystal Sp  Conj/Erth      56%        10d13     1%          8

Your spell library contained the following spells:

 Spells                   Type           Power      Damage    Failure   Level
 Chain Lightning          Conj/Air       37%        3d50      100%        9


Dungeon Overview and Level Annotations

Branches:
Dungeon (1/1)

Altars:
Cheibriados
Dithmenos
Elyvilon
Fedhas
Gozag
Hepliaklqana
Kikubaaqudgha
Makhleb
Nemelex Xobeh
Okawaru
Qazlal
Ru
Sif Muna
Trog
Uskayaw
Vehumet
Wu Jian
Xom
Yredelemnul
Zin
The Shining One
Beogh
Jiyva
Lugonu

Shops:
D ([(*


Message History

The swamp dragon barely misses you. The swamp dragon misses you.
Unknown command.
Unknown command.
Unknown command.
You feel better.
The swamp dragon breathes poison at you.
The blast of poison misses you.
Unknown command.
Casting: Shatter (dangerous; 1% risk of failure)
Confirm with . or Enter, or press ? or * to list all spells.
The dungeon rumbles!
You kill the swamp dragon!
Vehumet accepts your kill.
You feel your power returning.
You kill the swamp dragon!
Vehumet accepts your kill.
You feel your power returning.
The swamp dragon scales are intact enough to wear.
You are engulfed in poison gas.
You are poisoned.
* * * LOW HITPOINT WARNING * * *
You feel very sick.
Unknown command.
Unknown command.
You feel better.
You are engulfed in poison gas.
You are poisoned.
* * * LOW HITPOINT WARNING * * *
x2 You feel very sick.
Unknown command.
Unknown command.
You feel better.
You are engulfed in poison gas.
You are lethally poisoned!
* * * LOW HITPOINT WARNING * * *
x2 You feel very sick.
Unknown command.
You feel very mighty all of a sudden.
You are engulfed in poison gas.
You are more poisoned.
* * * LOW HITPOINT WARNING * * *
You die...

♣.▓.▓.▓.▓.▓.▓.▓[
♣.♣.▓.▓.▓.▓.▓.▓.▓[
♣φ♣.▓.▓.▓.▓.▓)▓.▓.
♣°♣.▓)▓.▓.▓.▓.▓.▓[
♣○♣.▓)▓.▓.▓.▓)▓.▓.
♣○♣.▓)▓.▓.▓.▓)▓.▓[
♣°♣.▓)▓.▓.▓.♣†♣.▓[
♣○♣.▓)▓.▓.▓.♣.♣.▓.
♣@♣.▓)▓.▓)▓.♣.♣.▓)
♣○♣†▓.▓.▓)▓.♣.♣.▓)
▓○▓.▓.▓.▓)▓(♣.♣.▓)
▓☼▓.▓.▓.▓)▓.♣.♣.▓)
▓○▓.▓.▓.▓.▓.♣.♣.▓)
▓°▓.▓.▓.▓(▓.♣.♣.▓)
▓.▓.▓.▓.▓.▓.♣)♣.▓)
▓.▓.▓.▓.▓.▓.♣[♣.▓)
▓°▓.▓.▓.▓.▓.▓†▓.▓.


There were no monsters in sight!

Vanquished Creatures
  Mara (D)
  Frederick (D)
  A golden dragon (D)
  Jory (D)
  Gastronok (D)
  A sphinx (D)
  A thorn hunter (D)
  Kirke (D)
  A fenstrider witch (D)
  6 nagarajas (D)
  A tengu reaver (D)
  Donald (D)
  2 fire giants (D)
  A vault warden (D)
  A frost giant (D)
  A very ugly thing (D)
  3 stone giants (D)
  An ironbound preserver (D)
  An entropy weaver (D)
  5 ettins (D)
  2 yaktaur captains (D)
  2 fire dragons (D)
  A salamander tyrant (D)
  7 hydras (D)
  A boulder beetle (D)
  2 rakshasas (D)
  2 naga warriors (D)
  Erolcha (D)
  An ironbound frostheart (D)
  A ghost crab (D)
  Erica (D)
  2 centaur warriors (D)
  A satyr (D)
  2 alligators (D)
  A deep troll shaman (D)
  3 deep troll earth magi (D)
  A vampire mage (D)
  A spriggan (D)
  A naga sharpshooter (D)
  A hell knight (D)
  Sonja (D)
  A skeletal warrior (D)
  A spriggan druid (D)
  A goliath frog (D)
  A sea snake (D)
  4 swamp dragons (D)
  4 ironbound convokers (D)
  3 wizards (D)
  A mana viper (D)
  2 deep elf pyromancers (D)
  10 orc knights (D)
  An orb spider (D)
  2 moths of wrath (D)
  A will-o-the-wisp (D)
  2 cyclopes (D)
  4 manticores (D)
  3 ugly things (D)
  A naga mage (D)
  6 black mambas (D)
  A torpor snail (D)
  A water nymph (D)
  A vault sentinel (D)
  3 guardian serpents (D)
  2 cane toads (D)
  Psyche (D)
  An efreet (D)
  A kobold demonologist (D)
  A komodo dragon (D)
  A yaktaur (D)
  A rime drake (D)
  A demonic crawler (D)
  2 trolls (D)
  2 merfolk (D)
  A tyrant leech (D)
  A jumping spider (D)
  A hornet (D)
  A snapping turtle (D)
  A tarantella (D)
  4 redbacks (D)
  5 yaks (D)
  3 hogs (D)
  A vampire mosquito (D)
  2 wargs (D)
  3 nagas (D)
  A water moccasin (D)
  2 swamp drakes (D)
  15 orc warriors (D)
  7 wolves (D)
  A boggart (D)
  A centaur (D)
  4 bullfrogs (D)
  A scorpion (D)
  A wight (D)
  A howler monkey (D)
  4 orc priests (D)
  3 orc wizards (D)
  An adder (D)
  An adder zombie (D)
  8 orcs (D)
  A bat skeleton (D)
  A giant cockroach (D)
  A hobgoblin (D)
  2 kobolds (D)
  A rat (D)
  2 briar patches (D)
216 creatures vanquished.

Vanquished Creatures (others)
  2 humans (D)
2 creatures vanquished.

Grand Total: 218 creatures vanquished

Notes
Turn   | Place    | Note
-------+----------+-------------------------------------------
     0 | D        | mhtbhm the Deep Elf Earth Elementalist began the quest for
                  | the Orb.
     0 | D        | Reached XP level 1. HP: 10/10 MP: 6/6
    67 | D        | Noticed a scorpion
    69 | D        | Reached skill level 5 in Earth Magic
    69 | D        | Reached XP level 2. HP: 15/15 MP: 6/9
   126 | D        | Learned a level 2 spell: Passwall
   134 | D        | Killed a scorpion
   135 | D        | Reached XP level 3. HP: 5/19 MP: 3/13
   135 | D        | Reached XP level 4. HP: 7/24 MP: 3/14
   212 | D        | Learned a level 3 spell: Stone Arrow
   218 | D        | Found a snail-covered altar of Cheibriados.
   218 | D        | Found a shadowy altar of Dithmenos.
   218 | D        | Found a white marble altar of Elyvilon.
   218 | D        | Found a blossoming altar of Fedhas.
   218 | D        | Found an opulent altar of Gozag.
   219 | D        | Found a hazy altar of Hepliaklqana.
   220 | D        | Found a viscous altar of Jiyva.
   221 | D        | Found an ancient bone altar of Kikubaaqudgha.
   222 | D        | Found a corrupted altar of Lugonu.
   223 | D        | Found a burning altar of Makhleb.
   224 | D        | Found a sparkling altar of Nemelex Xobeh.
   225 | D        | Found an iron altar of Okawaru.
   226 | D        | Found a stormy altar of Qazlal.
   227 | D        | Found a sacrificial altar of Ru.
   228 | D        | Found a shimmering blue altar of Sif Muna.
   229 | D        | Found a bloodstained altar of Trog.
   230 | D        | Found a hide-covered altar of Uskayaw.
   231 | D        | Found a radiant altar of Vehumet.
   232 | D        | Found an ornate altar of the Wu Jian Council.
   233 | D        | Found a shimmering altar of Xom.
   234 | D        | Found a basalt altar of Yredelemnul.
   235 | D        | Found a glowing silver altar of Zin.
   236 | D        | Found a glowing golden altar of the Shining One.
   239 | D        | Became a worshipper of Vehumet
   254 | D        | Got the +2 scimitar of Doub {freeze, *Rage Drain rC+ Int+7}
   350 | D        | Noticed a yak
   350 | D        | Noticed a troll
   350 | D        | Noticed a centaur
   352 | D        | Killed a centaur
   353 | D        | Reached XP level 5. HP: 17/28 MP: 13/17
   354 | D        | Reached * piety under Vehumet
   354 | D        | Offered knowledge of Foxfire by Vehumet.
   358 | D        | Killed a troll
   359 | D        | Reached skill level 5 in Dodging
   359 | D        | Reached skill level 5 in Stealth
   359 | D        | Reached XP level 6. HP: 20/32 MP: 13/22
   360 | D        | Killed a yak
   361 | D        | Reached XP level 7. HP: 23/36 MP: 10/24
   367 | D        | Reached ** piety under Vehumet
   468 | D        | Learned a level 5 spell: Lee's Rapid Deconstruction
   473 | D        | Learned a level 4 spell: Petrify
   485 | D        | Noticed a troll
   485 | D        | Noticed a kobold demonologist
   485 | D        | Noticed a deep elf pyromancer
   485 | D        | Noticed a vampire mosquito
   485 | D        | Noticed a cyclops
   485 | D        | Noticed a white ugly thing
   493 | D        | Killed a cyclops
   494 | D        | Reached skill level 1 in Evocations
   494 | D        | Noticed a fire elemental
   494 | D        | Killed a vampire mosquito
   495 | D        | Reached XP level 8. HP: 41/41 MP: 6/27
   495 | D        | Killed a white ugly thing
   499 | D        | Killed a deep elf pyromancer
   499 | D        | Reached *** piety under Vehumet
   500 | D        | Reached skill level 15 in Spellcasting
   504 | D        | Noticed a sixfirhy
   505 | D        | Killed a kobold demonologist
   506 | D        | Reached skill level 1 in Conjurations
   506 | D        | Reached skill level 15 in Earth Magic
   506 | D        | Reached XP level 9. HP: 35/45 MP: 2/31
   548 | D        | Killed a troll
   548 | D        | Offered knowledge of Searing Ray by Vehumet.
   843 | D        | Noticed a six-headed hydra
   843 | D        | Noticed a komodo dragon
   846 | D        | Killed a komodo dragon
   846 | D        | Offered knowledge of Ignite Poison by Vehumet.
   846 | D        | Reached **** piety under Vehumet
   849 | D        | Noticed a cane toad
   853 | D        | Killed a six-headed hydra
   854 | D        | Killed a cane toad
   854 | D        | Reached ***** piety under Vehumet
   855 | D        | Reached XP level 10. HP: 50/50 MP: 11/34
  1021 | D        | Noticed a cane toad
  1021 | D        | Noticed a black mamba
  1027 | D        | Offered knowledge of Sticky Flame by Vehumet.
  1028 | D        | Noticed a black mamba
  1030 | D        | Noticed a torpor snail
  1031 | D        | Killed a cane toad
  1031 | D        | Killed a black mamba
  1033 | D        | Killed a black mamba
  1034 | D        | Reached skill level 1 in Long Blades
  1095 | D        | Learned a level 4 spell: Sticky Flame
  1104 | D        | Offered knowledge of Frozen Ramparts by Vehumet.
  1107 | D        | Killed a torpor snail
  1107 | D        | Reached ****** piety under Vehumet
  1108 | D        | Reached skill level 1 in Fighting
  1204 | D        | Learned a level 3 spell: Frozen Ramparts
  1215 | D        | Offered knowledge of Iron Shot by Vehumet.
  1370 | D        | Noticed Erolcha
  1375 | D        | Noticed Sonja
  1379 | D        | Killed Erolcha
  1379 | D        | Killed Sonja
  1380 | D        | Reached XP level 11. HP: 56/56 MP: 10/37
  1544 | D        | Noticed an orc knight
  1549 | D        | Offered knowledge of Bolt of Magma by Vehumet.
  1565 | D        | Killed an orc knight
  1752 | D        | Learned a level 5 spell: Bolt of Magma
  1755 | D        | Noticed an orc knight
  1757 | D        | Offered knowledge of Fireball by Vehumet.
  1759 | D        | Noticed an orc knight
  1760 | D        | Killed an orc knight
  1766 | D        | Killed an orc knight
  1893 | D        | Reached skill level 1 in Fire Magic
  2014 | D        | Learned a level 5 spell: Fireball
  2020 | D        | Found Yreeng's Assorted Antiques.
  2020 | D        | Noticed an orc knight
  2020 | D        | Noticed an orc knight
  2021 | D        | Noticed an orc knight
  2022 | D        | Offered knowledge of Eringya's Noxious Bog by Vehumet.
  2023 | D        | Killed an orc knight
  2024 | D        | Reached skill level 1 in Ice Magic
  2024 | D        | Killed an orc knight
  2028 | D        | Noticed an orc knight
  2029 | D        | Killed an orc knight
  2030 | D        | Noticed an orc knight
  2123 | D        | Killed an orc knight
  2261 | D        | Killed an orc knight
  2261 | D        | Offered knowledge of Spellforged Servitor by Vehumet.
  2431 | D        | Found Dyeryz's Antique Weapon Shop.
  2436 | D        | Found Podukhl Muiq's Armour Boutique.
  2440 | D        | Found Wesuc's Weapon Shop.
  2443 | D        | Noticed an orc knight
  2445 | D        | Noticed an orc knight
  2451 | D        | Killed an orc knight
  2451 | D        | Killed an orc knight
  2452 | D        | Reached skill level 5 in Transmutations
  2468 | D        | Bought a crude demon whip for 380 gold pieces
  2468 | D        | Identified the +9 demon whip of the Dead {vamp, rPois Will+
                  | rCorr} (You bought it in a shop in the Dungeon)
  2470 | D        | Bought a scroll of enchant armour for 195 gold pieces
  2470 | D        | Bought a thick sapphire amulet for 130 gold pieces
  2470 | D        | Bought 2 scrolls of enchant armour for 390 gold pieces
  2470 | D        | Bought a scroll labelled UNOTED FIOFAIS for 26 gold pieces
  2569 | D        | Noticed Erica
  2573 | D        | Killed Erica
  2774 | D        | Noticed a boulder beetle
  2774 | D        | Noticed a centaur warrior
  2774 | D        | Noticed a centaur warrior
  2774 | D        | Noticed a skeletal warrior
  2778 | D        | Killed a skeletal warrior
  2781 | D        | Reached XP level 12. HP: 49/61 MP: 27/41
  2786 | D        | Killed a centaur warrior
  2788 | D        | Killed a centaur warrior
  2910 | D        | Killed a boulder beetle
  3071 | D        | Offered knowledge of Iskenderun's Battlesphere by Vehumet.
  3391 | D        | Noticed a fire giant
  3400 | D        | Killed a fire giant
  3436 | D        | Noticed an ettin
  3441 | D        | Killed an ettin
  3600 | D        | Noticed a deep troll shaman
  3604 | D        | Killed a deep troll shaman
  3637 | D        | Noticed an ettin
  3641 | D        | Killed an ettin
  3730 | D        | Noticed a vampire mage
  3735 | D        | Killed a vampire mage
  3799 | D        | Noticed a deep troll earth mage
  3802 | D        | Killed a deep troll earth mage
  3868 | D        | Noticed Donald
  3873 | D        | Noticed Psyche
  3874 | D        | Killed Donald
  3874 | D        | Offered knowledge of Conjure Ball Lightning by Vehumet.
  3877 | D        | Killed Psyche
  4075 | D        | Noticed a ghost crab
  4075 | D        | Noticed an alligator
  4077 | D        | Offered knowledge of Lehudib's Crystal Spear by Vehumet.
  4077 | D        | Offered knowledge of Shatter by Vehumet.
  4077 | D        | Offered knowledge of Chain Lightning by Vehumet.
  4078 | D        | Reached XP level 13. HP: 64/65 MP: 43/45
  4083 | D        | Noticed a fenstrider witch
  4127 | D        | Paralysed by a fenstrider witch for 6 turns
  4128 | D        | Reached skill level 5 in Conjurations
  4134 | D        | HP: 2/65 [fenstrider witch/toxic sludge (17)]
  4136 | D        | Killed a fenstrider witch
  4137 | D        | Reached skill level 5 in Fire Magic
  4299 | D        | Reached skill level 27 in Spellcasting
  4559 | D        | Learned a level 9 spell: Shatter
  4568 | D        | Learned a level 8 spell: Lehudib's Crystal Spear
  4620 | D        | Noticed an entropy weaver
  4621 | D        | Killed an entropy weaver
  4701 | D        | Reached skill level 1 in Shields
  4713 | D        | Noticed Kirke
  4715 | D        | Killed Kirke
  4725 | D        | Noticed Gastronok
  4804 | D        | Killed Gastronok
  4964 | D        | Noticed a fire giant
  4964 | D        | Noticed an ettin
  4964 | D        | Noticed an ettin
  4964 | D        | Noticed a stone giant
  4965 | D        | Killed an ettin
  4966 | D        | Reached XP level 14. HP: 52/71 MP: 47/47
  4966 | D        | Killed a stone giant
  4966 | D        | Killed a fire giant
  4971 | D        | Noticed a stone giant
  4973 | D        | Killed a stone giant
  4974 | D        | Reached skill level 27 in Earth Magic
  4979 | D        | Noticed a frost giant
  4981 | D        | Killed a frost giant
  4982 | D        | Reached skill level 5 in Long Blades
  5039 | D        | Noticed a golden dragon
  5140 | D        | Killed a golden dragon
  5141 | D        | Reached skill level 10 in Stealth
  5239 | D        | Noticed a stone giant
  5262 | D        | Killed a stone giant
  5263 | D        | Reached skill level 5 in Evocations
  5416 | D        | Noticed a tengu reaver
  5433 | D        | Killed a tengu reaver
  5434 | D        | Reached skill level 10 in Transmutations
  5968 | D        | Noticed a white very ugly thing
  5980 | D        | Killed a white very ugly thing
  5981 | D        | Reached skill level 5 in Fighting
  6169 | D        | Noticed a vault warden
  6175 | D        | Killed a vault warden
  6182 | D        | Noticed an ironbound preserver
  6227 | D        | Killed an ironbound preserver
  6535 | D        | Noticed a sphinx
  6539 | D        | Killed a sphinx
  6540 | D        | Reached skill level 15 in Transmutations
  6720 | D        | Noticed Frederick
  6723 | D        | Killed Frederick
  6724 | D        | Reached XP level 15. HP: 84/84 MP: 30/48
  6901 | D        | Got the +0 cloak of Polish {SInv}
  6973 | D        | Noticed Jory
  6977 | D        | Killed Jory
  6978 | D        | Reached skill level 10 in Dodging
  7269 | D        | Noticed Mara
  7273 | D        | Killed Mara
  7275 | D        | Noticed a nagaraja
  7442 | D        | Killed a nagaraja
  7531 | D        | Noticed a nagaraja
  7532 | D        | Killed a nagaraja
  7755 | D        | Noticed a nagaraja
  7758 | D        | Killed a nagaraja
  7835 | D        | Noticed a nagaraja
  7836 | D        | Killed a nagaraja
  7849 | D        | Noticed a nagaraja
  7851 | D        | Killed a nagaraja
  7904 | D        | Noticed a nagaraja
  7908 | D        | Killed a nagaraja
  7909 | D        | Reached skill level 10 in Conjurations
  8031 | D        | Got a serpentine rune of Zot
  8039 | D        | Noticed a thorn hunter
  8041 | D        | Reached skill level 10 in Long Blades
  8041 | D        | Killed a thorn hunter
  8056 | D        | HP: 1/86 [something (5)]
  8056 | D        | Succumbed to poison (poison gas)

Illustrated notes

Levels and vault maps discovered:
D:        linesprint [early_d, line_temple, items_1, d_10, items_2, lair_1,
          lair_end, items_3, orc_1, orc_end, items_4, d_15, swamp_1, shoals_1,
          snake_1, spider_1, d_20, vaults_1, items_5, swamp_end, shoals_end,
          snake_end, spider_end, vaults_end, d_27, items_6, zot_1, zot_end,
          crypt_end, forest_end, elf_end, slime_end, tomb_end, abyss_end,
          pan_hell_end]

Skill      XL: |  1  2  3  4  5  6  7  8  9 10 11 12 13 14 15 |
---------------+----------------------------------------------+-----
Earth Magic    | 5 7 9 11 12 13 15 16 19 21 23 26 27 | 27.0
Spellcasting   | 4 6 8 11 13 16 18 20 23 26 27 | 27.0
Stealth        | 3 4 5 6 11 12 | 12.2
Dodging        | 3 4 5 6 7 9 11 | 11.3
Evocations     | 1 2 3 4 6 8 |  8.5
Transmutations | 2 3 5 7 8 16 22 | 22.1
Conjurations   | 1 2 3 4 6 7 11 | 11.3
Long Blades    | 1 3 9 10 | 10.2
Fighting       | 1 6 7 |  7.5
Fire Magic     | 2 3 5 |  5.7
Ice Magic      | 1 |  1.4
Shields        | 1 3 4 |  4.0

Action                   |  1- 3 |  4- 6 |  7- 9 | 10-12 | 13-15 || total
-------------------------+-------+-------+-------+-------+-------++-------
Melee: Scimitar          |       |       |       |       |    10 ||    10
 Cast: Sandblast         |    15 |     3 |     2 |     1 |     1 ||    22
       Stone Arrow       |       |     1 |     1 |     1 |     8 ||    11
       Lee's Rapid Decon |       |       |    16 |    92 |    70 ||   178
       Petrify           |       |       |     1 |    36 |    33 ||    70
       Bolt of Magma     |       |       |       |    15 |     6 ||    21
       Frozen Ramparts   |       |       |       |     2 |       ||     2
       Fireball          |       |       |       |     6 |       ||     6
       Shatter           |       |       |       |       |    50 ||    50
       Lehudib's Crystal |       |       |       |       |     8 ||     8
Evoke: Wand              |       |     2 |     2 |       |     7 ||    11
  Use: Potion            |       |     1 |     1 |     3 |     9 ||    14
       Scroll            |       |       |       |       |     1 ||     1
 Stab: Petrified         |       |       |       |       |     3 ||     3
Armor: Robe              |       |       |     2 |     5 |    10 ||    17
Dodge: Dodged            |     4 |       |     5 |    24 |    30 ||    63
Block: Buckler           |       |       |       |     1 |     5 ||     6
       Rpst.: Scimitar   |       |       |     1 |     9 |     5 ||    15

Table legend: (Time is in decaauts)
 A = Elapsed time spent in this place.
 B = Non-inter-level travel time spent in this place.
 C = Inter-level travel time spent in this place.
 D = Time resting spent in this place.
 E = Time spent auto-exploring this place.
 F = Levels seen in this place.
 G = Mean time per level.
                   A        B        C        D        E       F      G
               +--------+--------+--------+--------+--------+-----+--------+
         Total |   8051 |   8051 |      0 |   4471 |   1831 |   1 | 8051.0 |
       Dungeon |   8051 |   8051 |      0 |   4471 |   1831 |   1 | 8051.0 |
               +--------+--------+--------+--------+--------+-----+--------+

Top non-repeatable levels by time:
       D: 8051 daAuts
